 Dungeon Crawl Stone Soup version 0.31-a0-845-g9abc20d24f (webtiles) character file.

Game seed: 7790019935960346812

44 Kurtz the Chopper (level 3, -2/26 HPs)
             Began as an Octopode Fighter on Oct 1, 2023.
             Succumbed to an adder's poison
             ... on level 2 of the Dungeon.
             The game lasted 00:01:03 (1139 turns).

Kurtz the Chopper (Octopode Fighter)                Turns: 1139, Time: 00:01:04

Health: -2/26      AC:  1    Str: 15    XL:     3   Next: 60%
Magic:  3/3        EV: 13    Int: 10    God:
Gold:   60         SH:  4    Dex: 13    Spells: 2/2 levels left

rFire   . . .        a - +0 war axe
rCold   . . .        b - +0 buckler
rNeg    . . .        (helmet restricted)
rPois   .            (no amulet)
rElec   .            (no ring)
rCorr   .            (no ring)
SInv    .            (no ring)
Will    .....        (no ring)
Stlth   ++           (no ring)
HPRegen 0.24/turn    (no ring)
MPRegen 0.08/turn    (no ring)
                     (no ring)

%: no passive effects
@: mighty, lethally poisoned (-2 -> -17)
A: almost no armour, amphibious, 8 rings, camouflage 1, gelatinous body 1,
(nimble swimmer 1), tentacles
a: no special abilities


You were on level 2 of the Dungeon.
You visited 1 branch of the dungeon, and saw 2 of its levels.

You collected 60 gold pieces.

Inventory:

Hand Weapons
 a - a +0 war axe (weapon)
Armour
 b - a +0 buckler (worn)
Jewellery
 e - an amulet of regeneration
 g - a ring of resist corrosion
Scrolls
 d - 2 scrolls of immolation {unknown}
 f - a scroll of blinking {unknown}


   Skills:
 - Level 3.0 Fighting
 * Level 3.9 Axes
 - Level 3.0 Dodging
 - Level 3.0 Shields


You had 2 spell levels left.
You didn't know any spells.
Your spell library was empty.

Dungeon Overview and Level Annotations

Branches:
Dungeon (2/15)

Altars:


Innate Abilities, Weirdness & Mutations

You cannot wear most types of armour.
You are amphibious.
You can wear up to eight rings at the same time.
Your skin changes colour to match your surroundings (Stealth+).
Your rubbery body absorbs attacks. (AC +1, EV +1)
((You are camouflaged when in or above water. (Stealth+)))
You have tentacles for arms and can constrict up to eight enemies at once.


Message History

An adder is nearby!
An endoplasm comes into view.
There are monsters nearby!
You miss the adder.
The endoplasm quivers.
Your grab misses the adder. You block the adder's attack. x2
You closely miss the adder. Your grab misses the adder. The adder bites you.
You are poisoned.
The adder poisons you!
There are monsters nearby!
You closely miss the adder. Your grab misses the adder.
You feel sick. The adder completely misses you. The adder bites you.
You are more poisoned.
The adder poisons you!
There are monsters nearby!
You closely miss the adder. Your grab misses the adder.
You feel very sick. The adder barely misses you. The adder bites you.
You are more poisoned.
The adder poisons you!
There are monsters nearby!
You closely miss the adder. Your grab misses the adder.
You feel very sick. The adder bites you. x2
* * * LOW HITPOINT WARNING * * *
You are more poisoned.
The adder poisons you!
There is a lethal amount of poison in your body!
You are too injured to fight recklessly!
There is a lethal amount of poison in your body!
Unknown command.
You are too injured to fight recklessly!
Okay, then.
Okay, then.
You feel very mighty all of a sudden.
* * * LOW HITPOINT WARNING * * *
You feel very sick. You block the adder's attack.
You miss the adder. Your grab misses the adder. Your squeeze misses the adder.
You die...

###.#.# ####.#### ......#
#.......## ###<###
#...†....##
###.#####.......#.###
...............###....>..
.##.#####.......#.###.#..
.##.# #......./# ###..
..........# #
#########.####@# # #.
##S# # # #J. # .... #
..## # ..# # .# # ## #


You could see an adder and an endoplasm.

Vanquished Creatures
  An adder (D:2)
  A dart slug (D:1)
  4 bats
  4 endoplasms (D:1)
  2 giant cockroaches (D:1)
  2 goblins (D:1)
  2 hobgoblins
  3 jackals (D:2)
  2 kobolds
  6 ball pythons
  2 frilled lizards
  2 rats (D:1)
31 creatures vanquished.

Notes
Turn   | Place    | Note
-------+----------+-------------------------------------------
     0 | D:1      | Kurtz the Octopode Fighter began the quest for the Orb.
     0 | D:1      | Reached XP level 1. HP: 16/16 MP: 1/1
   143 | D:1      | Reached XP level 2. HP: 21/21 MP: 2/2
   541 | D:1      | Found a faded altar of an unknown god.
   569 | D:1      | Reached XP level 3. HP: 24/26 MP: 3/3
  1139 | D:2      | Succumbed to an adder's poison

Illustrated notes

Levels and vault maps discovered:
D:1:      minmay_arrival_wavy_path, layout_basic,
          shapermc_ecumenical_altar_mp_urbaneastern, chequers_avenue
D:2:      layout_loops_ring

Skill      XL: |  1  2 |
---------------+-------+-----
Axes           | 3 |  3.9
Fighting       | |  3.0
Dodging        | |  3.0
Shields        | |  3.0

Action                     || total
---------------------------++-------
  Melee: War axe           ||    54
         Constrict         ||    12
         Tentacles         ||     9
    Use: Potion            ||     1
   Stab: Sleeping          ||     7
         Distracted        ||     1
 Armour: Skin              ||    21
  Dodge: Dodged            ||    30
  Block: Buckler           ||    13

Table legend: (Time is in decaauts)
 A = Elapsed time spent in this place.
 B = Non-inter-level travel time spent in this place.
 C = Inter-level travel time spent in this place.
 D = Time resting spent in this place.
 E = Time spent auto-exploring this place.
 F = Levels seen in this place.
 G = Mean time per level.
                   A        B        C        D        E       F      G
               +--------+--------+--------+--------+--------+-----+--------+
         Total |   1159 |   1062 |     97 |      0 |    884 |   2 |  579.5 |
       Dungeon |   1159 |   1062 |     97 |      0 |    884 |   2 |  579.5 |
               +--------+--------+--------+--------+--------+-----+--------+

Top non-repeatable levels by time:
     D:1: 1010 daAuts
     D:2: 148 daAuts
